 Dungeon Crawl Stone Soup version 0.23.2-1-ga50397a6bc (webtiles) character file.

Game seed: 9427113612338679187

903 Nattfarinn the Jinx (level 7, -1/46 HPs)
             Began as a Vampire Enchanter on May 31, 2019.
             Was an Initiate of Kikubaaqudgha.
             Slain by a worker ant (6 damage)
             ... on level 6 of the Dungeon.
             The game lasted 00:15:26 (5849 turns).

Nattfarinn the Jinx (Vampire Enchanter)             Turns: 5849, Time: 00:15:27

Health: -1/46      AC:  0    Str:  7    XL:     7   Next: 80%
Magic:  0/10       EV: 20    Int: 18    God:    Kikubaaqudgha [......]
Gold:   167        SH:  0    Dex: 21    Spells: 1/10 levels left

rFire    . . .     SeeInvis +   (weapon currently unavailable)
rCold    + + .     Gourm    .   (shield currently unavailable)
rNeg     + + +     Faith    .   (armour currently unavailable)
rPois    ∞         Spirit   .   (helmet currently unavailable)
rElec    .         Reflect  .   (cloak currently unavailable)
rCorr    .         Harm     .   (gloves currently unavailable)
MR       .....                  (boots currently unavailable)
Stlth    +++++++...             (no amulet)
HPRegen  0.00/turn              (ring currently unavailable)
MPRegen  0.12/turn              (ring currently unavailable)

@: bat-form, flying, very slightly contaminated, bloodless, non-regenerating,
hasted, very quick
A: tiny, fangs 3, see invisible
a: End Transformation, Renounce Religion


You were on level 6 of the Dungeon.
You worshipped Kikubaaqudgha.
Kikubaaqudgha was noncommittal.
You were bloodless.
You were in vampire-bat-form.
You visited 1 branch of the dungeon, and saw 6 of its levels.

You collected 167 gold pieces.

Inventory:

Hand Weapons
 a - a +1 dagger
 j - a +2 rapier of flaming (melded)
 t - a +0 dagger of freezing
Missiles
 r - 5 exploding tomahawks (quivered)
Armour
 b - a +0 robe (melded)
 e - a +2 pair of boots (melded)
 p - a +0 buckler (melded)
Jewellery
 v - an uncursed ring of protection from fire
 w - an uncursed ring of flight {unknown}
 y - an uncursed ring of stealth {unknown}
 C - a +4 amulet of reflection {unknown}
Wands
 x - a wand of clouds (6)
 A - a wand of acid (9)
Scrolls
 c - 2 scrolls of magic mapping {unknown}
 g - 2 scrolls of amnesia {unknown}
 h - 3 scrolls of teleportation
 k - a scroll of fear
 s - 4 scrolls of remove curse
 u - a scroll of enchant weapon {unknown}
 B - a scroll of identify
 D - a scroll of noise {unknown}
Potions
 f - a potion of flight {unknown}
 l - a potion of berserk rage {unknown}
 m - 2 potions of cancellation {unknown}
 n - a potion of resistance {unknown}
 o - 3 potions of curing {unknown}
 q - 8 potions of blood
 z - a potion of might {unknown}


   Skills:
 - Level 1.1 Short Blades
 - Level 2.1 Dodging
 + Level 9.1 Stealth
 - Level 2.0 Spellcasting
 * Level 11.1 Hexes


You had one spell level left.
You knew the following spells:

 Your Spells              Type           Power        Failure   Level  Hunger
a - Corona                Hex            #####..      1%          1    #......
b - Ensorcelled Hibernat  Hex/Ice        ###...       2%          2    ###....
c - Confuse               Hex            #####...     1%          3    ###....
d - Tukima's Dance        Hex            #####...     1%          3    ###....

Your spell library contained the following spells:

 Spells                   Type           Power        Failure   Level  Hunger
 Beastly Appendage        Tmut           #.....       19%         1    #......
 Dazzling Spray           Conj/Hex       ###...       5%          3    ###....
 Sticks to Snakes         Tmut           #.......     26%         2    ###....
 Spider Form              Tmut/Pois      #.........   47%         3    ###....
 Ice Form                 Ice/Tmut       #.......     87%         4    #####..
 Blade Hands              Tmut           #.........   99%         5    ######.


Dungeon Overview and Level Annotations

Branches:
Dungeon (6/15)             Temple (0/1) D:5

Altars:
Cheibriados
Gozag
Kikubaaqudgha
Trog
Uskayaw
Vehumet
Wu Jian

Annotations:
D:6 exclusion: statue


Innate Abilities, Weirdness & Mutations

You do not heal naturally.
You are immune to poison.
You have razor-sharp teeth.
You have supernaturally acute eyesight. (SInv)
((You can survive without breathing.))


Message History

The centaur barely misses you. The worker ant closely misses you.
The centaur barely misses you. x2; The worker ant closely misses you.
You hit the centaur. You burn the centaur.
The centaur is heavily wounded.
You block the centaur's attack. The centaur hits you. The worker ant bites you.
* * * LOW HITPOINT WARNING * * *
The centaur barely misses you.
The centaur hits you but does no damage.
You feel yourself speed up. The centaur barely misses you.
The worker ant bites you.
* * * LOW HITPOINT WARNING * * *
The centaur closely misses you.
You turn into a vampire bat.
Your +2 rapier of flaming melds into your body.
Your +2 pair of boots melds into your body.
Your +0 buckler melds into your body.
Your +0 robe melds into your body.
Your +2 rapier of flaming stops flaming.
The centaur barely misses you. x2; The worker ant bites you.
You die...
Kikubaaqudgha rasps: "You have failed me!
Welcome... oblivion!"

#.##.##.# #
#...#.#
#...#.#
#...#.#
#$_.#.# .
#...#.## ..
#.8.#..# ..
#..# #b.#
#.....cca...#
##.....5....#
###.....)..#
#!....$....
#........###
#........#
#........#


You could see 2 centaurs, a worker ant and a shadow imp.

Vanquished Creatures
  An ice beast (D:6)
  2 scorpions
  3 crimson imps
  A bullfrog zombie (D:6)
  An orc priest (D:4)
  3 orc wizards (D:4)
  3 bullfrog skeletons
  3 worker ants
  3 gnolls
  8 adders
  A shadow imp (D:6)
  An ooze (D:2)
  4 worms
  6 dart slugs
  8 orcs
  4 giant cockroaches
  4 goblins
  4 hobgoblins
  4 kobolds
  A quokka (D:4)
  2 ball pythons (D:1)
  5 bats
  4 frilled lizards
  5 rats (D:1)
81 creatures vanquished.

Vanquished Creatures (collateral kills)
  2 ogres
2 creatures vanquished.

Grand Total: 83 creatures vanquished

Notes
Turn   | Place    | Note
-------+----------+-------------------------------------------
     0 | D:1      | Nattfarinn the Vampire Enchanter began the quest for the
                  | Orb.
     0 | D:1      | Reached XP level 1. HP: 13/13 MP: 3/3
   253 | D:1      | Reached skill level 5 in Hexes
   253 | D:1      | Reached XP level 2. HP: 11/19 MP: 3/5
   257 | D:1      | Learned a level 2 spell: Ensorcelled Hibernation
   457 | D:1      | Reached skill level 5 in Stealth
   885 | D:2      | Reached XP level 3. HP: 23/24 MP: 1/6
  1325 | D:2      | Learned a level 3 spell: Confuse
  1345 | D:2      | Reached skill level 6 in Hexes
  1730 | D:2      | Reached XP level 4. HP: 30/30 MP: 7/7
  1787 | D:3      | Found a faded altar of an unknown god.
  2738 | D:3      | Reached skill level 7 in Hexes
  2851 | D:4      | Reached XP level 5. HP: 35/35 MP: 8/8
  3156 | D:4      | Reached skill level 8 in Hexes
  3805 | D:4      | Reached XP level 6. HP: 35/41 MP: 2/9
  4039 | D:4      | Found an ornate altar of the Wu Jian Council.
  4039 | D:4      | Found a faded altar of an unknown god.
  4044 | D:4      | Found a hide-covered altar of Uskayaw.
  4046 | D:4      | Found a bloodstained altar of Trog.
  4047 | D:4      | Found an opulent altar of Gozag.
  4203 | D:4      | Reached skill level 9 in Hexes
  4225 | D:4      | Found a snail-covered altar of Cheibriados.
  4511 | D:5      | Entered Level 5 of the Dungeon
  4975 | D:5      | Learned a level 3 spell: Tukima's Dance
  4991 | D:5      | Found an ancient bone altar of Kikubaaqudgha.
  5000 | D:5      | Became a worshipper of Kikubaaqudgha
  5029 | D:5      | Reached XP level 7. HP: 46/46 MP: 7/10
  5139 | D:5      | Found a staircase to the Ecumenical Temple.
  5335 | D:5      | Reached skill level 10 in Hexes
  5785 | D:6      | Reached skill level 11 in Hexes
  5826 | D:6      | Found a radiant altar of Vehumet.
  5849 | D:6      | Slain by a worker ant

Skill      XL: |  1  2  3  4  5  6  7 |
---------------+----------------------+-----
Hexes          | 5 6 7 8 9 11 | 11.1
Stealth        | 5 6 7 9 |  9.1
Short Blades   | |  1.1
Dodging        | |  2.1
Spellcasting   | |  2.0

Action                   |  1- 3 |  4- 6 |  7- 9 || total
-------------------------+-------+-------+-------++-------
Melee: Dagger            |    72 |    70 |       ||   142
       Bite              |     6 |    10 |     5 ||    21
       Rapier            |       |    37 |    32 ||    69
 Cast: Corona            |     2 |       |       ||     2
       Ensorcelled Hiber |    12 |    22 |     6 ||    40
       Confuse           |     1 |    10 |     4 ||    15
       Tukima's Dance    |       |       |     2 ||     2
 Abil: Bat Form          |       |       |     1 ||     1
  Use: Scroll            |       |     6 |       ||     6
       Potion            |       |     5 |     3 ||     8
 Stab: Sleeping          |    18 |    27 |     7 ||    52
       Distracted        |       |     2 |       ||     2
       Confused          |       |     3 |     3 ||     6
  Eat: Corpse            |       |     3 |       ||     3
Armor: Robe              |    12 |    29 |    10 ||    51
Dodge: Dodged            |    34 |    82 |    32 ||   148
Block: Buckler           |       |    12 |     5 ||    17
